 Dungeon Crawl Stone Soup version 0.14-a0-102-g2341383 (console) character file.

541117 Kellhus the Archmage (level 25, 136/136 HPs)
             Began as a Deep Elf Wizard on Sept 6, 2013.
             Was the Champion of Vehumet.
             Quit the game on Level 5 of the Vaults on Oct 2, 2013.
             The game lasted 05:10:16 (124282 turns).

Kellhus the Archmage (Deep Elf Wizard)            Turns: 124282, Time: 05:10:16

HP 136/136       AC 16     Str  4      XL: 25   Next: 49%
MP  50/50        EV 29     Int 38      God: Vehumet [******]
Gold 7120        SH 12     Dex 15      Spells: 13 memorised, 21 levels left

Res.Fire  : + + .   See Invis. : .   a - staff of cold
Res.Cold  : + + .   Warding    : .   G - +2 robe of Death's Door {rF+ Int+2}
Life Prot.: . . .   Conserve   : .   M - +2 buckler {AC+3}
Res.Poison: +       Res.Corr.  : .   c - +2 hat of the Alchemist {rElec rF+ rC+ MR+ Res.Elec. : + Clarity : . x - +2 cloak {rPois}
Sust.Abil.: . .     Spirit.Shd : .   C - +1 pair of gloves
Res.Mut.  : .       Stasis     : .   P - +1 pair of boots {run}
Res.Rott. : .       Flight     : .   f - amulet of the gourmand
Gourmand  : +                        i - +4 ring of evasion
                                     g - +4 ring of evasion

@: quick, extraordinarily resistant to hostile enchantments, fairly stealthy
A: magic resistance 1, EV +2, Dex +2
a: Renounce Religion
}: 1/15 runes: serpentine


You were on level 5 of the Vaults.
You worshipped Vehumet.
Vehumet was exalted by your worship.
You were very full.

You visited 8 branches of the dungeon, and saw 58 of its levels.
You also visited: Labyrinth and Trove.

You collected 9585 gold pieces.
You spent 2485 gold pieces at shops.

Inventory:

Armour
 c - the +2 hat of the Alchemist (worn) {rElec rF+ rC+ MR+}
   (You found it in a labyrinth)

   It protects you from fire.
   It protects you from cold.
   It insulates you from electricity.
   It affects your resistance to hostile enchantments.
 x - a +2 cloak of poison resistance (worn)
 C - a +1 pair of gloves (worn)
 G - the +2 robe of Death's Door (worn) {rF+ Int+2}
   (You found it on level 19 of the Dungeon)

   It affects your intelligence (+2).
   It protects you from fire.
 M - a +2 buckler of protection (worn)
 P - a +1 pair of boots of running (worn)
Magical devices
 e - a wand of teleportation (3)
 u - a wand of teleportation (9)
 y - a wand of disintegration (6)
 J - a wand of teleportation (3)
 K - a wand of digging (10)
Comestibles
 b - a royal jelly
 d - 4 bread rations
 v - a strawberry
 I - an apple
Scrolls
 j - 7 scrolls of remove curse
 l - 3 scrolls of fear
 p - 2 scrolls of teleportation
 z - a scroll of identify
 D - a scroll of amnesia
 H - 6 scrolls of magic mapping
 L - 2 scrolls of fog
 R - a scroll of blinking
Jewellery
 f - an amulet of the gourmand (around neck)
 g - a +4 ring of evasion (left hand)
 h - a +4 ring of intelligence
 i - a +4 ring of evasion (right hand)
 k - an uncursed amulet of clarity
 n - an uncursed ring of teleportation
 q - an uncursed ring of ice
 r - a cursed -2 ring of protection {unknown}
 s - an uncursed amulet of stasis {unknown}
 w - the ring of Serendipity {rF+ SInv}
   (You bought it in a shop on level 9 of the Dungeon)

   [ring of protection from fire]

   It enhances your eyesight.
 A - an uncursed ring of protection from cold
 F - an uncursed ring of teleport control
 N - an uncursed amulet of resist mutation
 O - an uncursed amulet of resist corrosion
 S - a +3 ring of protection {unknown}
 U - an uncursed ring of sustain abilities {unknown}
Potions
 m - 3 potions of heal wounds
 o - 2 potions of agility
 t - a potion of flight
 B - 4 potions of curing
 E - 2 potions of might
 Q - a potion of brilliance
Magical staves
 a - an uncursed staff of cold (weapon)
 T - an uncursed staff of conjuration


   Skills:
 - Level 9.0 Fighting
 - Level 12.0 Dodging
 - Level 2.4 Stealth
 - Level 3.0 Shields
 O Level 27 Spellcasting
 - Level 26.0 Conjurations
 - Level 10.0 Charms
   Level 1.1 Summonings
 - Level 1.1 Translocations
 - Level 26.0 Ice Magic
   Level 6.0 Poison Magic
 + Level 5.2 Evocations


You had 21 spell levels left.
You knew the following spells:

 Your Spells              Type           Power        Failure   Level  Hunger
a - Throw Icicle          Conj/Ice       ########     0%          4    None
b - Iron Shot             Conj/Erth      ########..   1%          6    None
c - Bolt of Cold          Conj/Ice       #########.   0%          6    None
d - Freezing Cloud        Conj/Ice/Air   ########..   1%          6    None
e - Regeneration          Chrm/Necr      ######....   1%          3    None
f - Flight                Chrm/Air       ######....   1%          3    None
g - Ozocubu's Refrigerat  Ice            #########.   0%          6    None
h - Haste                 Chrm           #######.     1%          6    None
i - Ice Storm             Conj/Ice       #########.   1%          9    None
l - Blink                 Tloc           N/A          1%          2    None
o - Ozocubu's Armour      Chrm/Ice       ########..   0%          3    None
r - Repel Missiles        Chrm/Air       ######....   1%          2    None
A - Apportation           Tloc           ######....   1%          1    None


Dungeon Overview and Level Annotations

Branches:
Dungeon (27/27)            Temple (0/1) D:6             Orc (4/4) D:11
    Elf (3/3) Orc:3          Lair (8/8) D:11          Swamp (1/5) Lair:3
  Snake (5/5) Lair:6        Slime (0/6) Lair:8       Vaults (5/5) D:17
  Blade (0/1) Vaults:3       Tomb (0/3) Forest:2        Zot (0/5) D:27
 Forest (5/5) Vaults:3

Altars:
Ashenzari
Cheibriados
Elyvilon
Fedhas
Makhleb
Nemelex Xobeh
Okawaru
Sif Muna
Trog
Vehumet
Xom
Zin
the Shining One
Beogh

Shops:
D:5 +**?   D:9 *(=[   D:18 }   D:19 !   Orc:4 *+[[   Elf:3 *   Snake:1 (
Snake:3 *   Vaults:2 *   Vaults:3 +   Vaults:4 =

Portals:
Hell: D:21 D:22 D:23 D:24 D:25 D:26 D:27
Abyss: D:23 D:25
Pandemonium: D:24 D:26

Annotations:
D:3 exclusion: oklob plant
D:11 bronies4ever's ghost, powerful OgBe
D:18 exclusion: Roxanne, Roxanne
Forest:2 exclusion: oklob plant


Innate Abilities, Weirdness & Mutations

You are surrounded by a mild repulsion field (EV +2).
You are agile. (Dex +2)
You are resistant to hostile enchantments.


Message History

Could not pick up an item here; shall I ignore it?
Okay, then.
Eat one of 2 chunks of two-headed ogre flesh? (ye/n/q/i?) This raw flesh tastes great.
You continue eating.
Eat a chunk of two-headed ogre flesh? (ye/n/q/i?) This raw flesh tastes great.
You continue eating.
Done exploring.
Done exploring.
Search for what [Enter for "ozo", or ? for help]? .
Save game and exit?
Welcome back, Kellhus the Deep Elf Wizard.
Vehumet says: Let it end in hellfire!
Press ? for a list of commands and other information.
Save game and exit?
Welcome back, Kellhus the Deep Elf Wizard.
Vehumet says: Let it end in hellfire!
Press ? for a list of commands and other information.
Are you sure you want to abandon this character and quit the game? (Confirm with "yes".)

#..###################
#.....................
#.....................
#.....................
#............?........
#..###################
#^.#..##.....##...##..
#..#........##.....##.
#..##@.....##...#...##
#..###....##....##...#
#..#.##...#......##...
#..#..##..).......##..
#..#...##.)%##.....##.
#..#......[[.##...##..
#..#......#...##.##...
#..##....###...###...#
#..##...##.##...#...##


There were no monsters in sight!

Vanquished Creatures
  Saint Roka (Vaults:4)
  Sojobo (Forest:2)
  Norris (Vaults:1)
  the Enchantress (Forest:5)
  Mara (D:19)
  Mennas (Forest:2)
  A bone dragon (Vaults:5)
  Jory (Forest:3)
  4 golden dragons
  Xtahua (D:21)
  Nikola (D:15)
  The ghost of Nagual the Impregnable, a great GrFi of Okawaru (Vaults:5)
  3 liches
  The ghost of bronies4ever the Warrior, a mighty GrMo of Okawaru (D:25)
  A tentacled monstrosity (Vaults:5)
  A titan (Vaults:5)
  2 deep elf blademasters (Elf:3)
  2 deep elf master archers (Elf:3)
  2 thorn hunters
  6 storm dragons
  4 sphinxes
  Frances (Snake:4)
  16 tengu reavers
  3 shadow dragons
  7 frost giants
  Donald (Snake:3)
  2 iron dragons (Vaults:5)
  An azure jelly (D:26)
  Wiglaf (Elf:2)
  14 vault wardens
  Maud (D:15)
  6 fire giants
  Aizul (D:18)
  Louise (D:15)
  9 deep elf sorcerers
  2 draconian zealots (D:27)
  Jorgrun (D:18)
  2 draconian annihilators (D:27)
  8 ancient bears
  4 greater nagas
  34 stone giants
  3 treants
  10 deep elf demonologists
  6 spriggan defenders (Forest:5)
  A grey draconian (D:27)
  A death ooze (D:26)
  5 apis
  2 green draconians (D:27)
  7 satyrs
  A vampire knight (D:26)
  Azrael (D:18)
  A pale draconian (D:27)
  The ghost of 4tharraofdagon the Cleaver, a powerful DsBe of Trog (Elf:2)
  A green death (D:27)
  12 elemental wellsprings
  A yellow draconian (D:27)
  A red draconian (D:27)
  7 dire elephants
  A white draconian (D:27)
  3 mottled draconians (D:27)
  A purple draconian (D:27)
  A black draconian (D:27)
  10 deep elf annihilators
  9 deep elf death magi
  15 spriggan air magi
  9 ettins
  A minotaur (shapeshifter) (Vaults:5)
  6 dragons
  15 ironheart preservers
  14 ogre magi
  A deep elf high priest (Elf:3)
  5 great orbs of eyes
  A minotaur (Lab)
  31 vault guards
  A siren (shapeshifter) (Vaults:2)
  52 yaktaur captains
  3 ice dragons
  3 ravenous feature mimics
  12 hydras
  7 anacondas
  3 alligators (Swamp:1)
  9 spriggan berserkers
  4 spriggan druids
  7 death yaks
  6 deep troll earth magi
  8 spriggan assassins
  7 spriggan enchanters
  3 deep troll shamans
  6 orc high priests
  4 dancing weapons (Vaults:3)
  A rakshasa (D:20)
  A plague shambler (D:26)
  15 naga warriors
  9 very ugly things
  7 dryads
  3 catoblepae
  An iron golem (Vaults:2)
  A fire crab (Vaults:4)
  22 deep elf knights
  8 water nymphs
  A hell knight (D:26)
  32 centaur warriors
  14 iron trolls
  A shadow wraith (Vaults:5)
  A faun (shapeshifter) (D:27)
  A death drake (shapeshifter) (Elf:3)
  3 skeletal warriors (D:16)
  2 storm dragon skeletons
  14 deep trolls
  2 swamp dragons (Swamp:1)
  20 ironbrand convokers
  A cherub (D:26)
  47 fauns
  16 hill giants
  6 unseen horrors
  29 orc knights
  A shadow dragon zombie (D:22)
  A crystal golem (D:26)
  5 flayed ghosts
  11 giant amoebae
  15 deep elf conjurers
  18 harpies
  A fire giant zombie (Vaults:2)
  5 wolf spiders
  A phantasmal warrior (Vaults:5)
  15 griffons
  A harpy (shapeshifter) (Elf:3)
  4 stone giant zombies
  4 oklob plants
  11 elephants
  4 orc sorcerers
  9 cyclopes
  A stone golem (D:16)
  A spiny worm (Vaults:1)
  7 red wasps
  2 fire giant skeletons
  A griffon (shapeshifter) (D:25)
  8 vault sentinels
  An elephant (shapeshifter) (Vaults:5)
  11 stone giant skeletons
  2 black mambas (shapeshifter)
  5 frost giant skeletons
  18 black mambas
  A guardian serpent (shapeshifter) (D:27)
  16 deep elf summoners
  A sixfirhy (D:26)
  22 spirit wolves
  10 spiny frogs
  2 feature mimics
  21 naga magi
  3 fire drakes (shapeshifter)
  A yaktaur (shapeshifter) (D:18)
  An efreet (D:26)
  86 yaktaurs
  3 fire drakes
  A guardian mummy (D:27)
  8 komodo dragons
  24 two-headed ogres
  2 jumping spiders
  2 komodo dragons (shapeshifter)
  2 iron troll skeletons
  A spriggan (shapeshifter) (Vaults:5)
  2 wandering mushrooms (Lair:1)
  A giant leech (Swamp:1)
  19 trolls
  12 wind drakes
  8 deep elf priests
  16 blink frogs
  2 polar bears
  19 thorn lotuses
  19 giant fireflies
  Sonja (Orc:4)
  40 spriggans
  A wind drake (shapeshifter) (Vaults:1)
  4 baby alligators (Swamp:1)
  42 slime creatures
  A red wasp zombie (Vaults:1)
  14 air elementals
  7 boulder beetles
  A raven (shapeshifter) (D:27)
  3 brown oozes (Lair:8)
  A hydra skeleton (D:16)
  4 bog bodies (Swamp:1)
  3 tarantellas
  16 water elementals
  5 grizzly bears
  4 shadows
  3 basilisks
  4 wyverns
  3 trapdoor spiders
  5 ettin skeletons
  28 deep elf magi
  62 yaks
  3 hungry ghosts
  127 ugly things
  15 redbacks
  3 griffon skeletons
  2 vampires
  A hippogriff (shapeshifter) (D:20)
  19 hippogriffs
  A shark (D:15)
  2 hill giant zombies
  5 fire elementals
  35 vampire mosquitoes
  A steam dragon (shapeshifter) (D:17)
  A tarantella (shapeshifter) (D:26)
  A spiny worm zombie (Vaults:1)
  2 clay golems (D:18)
  33 deep elf fighters
  A rock worm (Vaults:1)
  3 mottled dragons
  10 swamp worms (Swamp:1)
  2 deep troll zombies
  3 manticores
  28 wolves
  2 necrophages
  2 deep troll skeletons
  3 soldier ants
  2 hell hounds (D:18)
  8 sky beasts
  11 porcupines
  13 freezing wraiths
  59 ogres
  A black bear (shapeshifter) (D:22)
  A yellow wasp (shapeshifter) (Vaults:5)
  10 yellow wasps
  62 orc warriors
  4 black bears
  4 deep dwarves (D:15)
  5 ice beasts
  64 nagas
  A human (D:8)
  A kobold demonologist (D:17)
  4 phantoms
  9 crocodiles
  48 centaurs
  18 giant goldfish
  A boring beetle (shapeshifter) (Vaults:3)
  3 wargs
  Sigmund (D:5)
  Duvessa (D:4)
  7 big kobolds
  29 giant frogs
  12 giant slugs
  A glowing shapeshifter simulacrum (D:19)
  A water moccasin (shapeshifter) (Vaults:5)
  39 water moccasins
  5 brain worms
  A hill giant simulacrum (D:15)
  A komodo dragon zombie (D:10)
  A wyvern zombie (D:12)
  2 cyclops zombies
  3 yaktaur skeletons
  8 agate snails
  4 boulder beetle zombies
  A cyclops skeleton (D:14)
  4 jellyfish
  9 wights
  A snapping turtle simulacrum (D:26)
  6 electric eels
  5 goliath beetles
  2 quasits
  14 crimson imps
  A boring beetle zombie (D:20)
  Dowan (D:4)
  A basilisk zombie (D:15)
  A giant frog skeleton (D:8)
  5 jellies
  16 hounds
  52 orc priests
  A two-headed ogre zombie (D:14)
  38 orc wizards
  10 big fish
  5 iguanas
  A rock worm simulacrum (D:15)
  6 scorpions
  A gnoll shaman (D:5)
  10 worker ants
  A yak simulacrum (D:14)
  2 killer bee zombies
  2 orange rats (Vaults:5)
  An ogre zombie (D:5)
  A sky beast zombie (D:9)
  A brain worm zombie (D:14)
  34 sheep
  2 ogre skeletons
  A hound zombie (D:5)
  7 boggarts
  A mummy (D:13)
  52 adders
  20 green rats
  A big kobold simulacrum (D:15)
  4 giant centipedes
  8 gnolls
  A steam dragon zombie (D:6)
  2 giant mites
  12 human skeletons (Vaults:3)
  7 worms
  An adder skeleton (D:4)
  4 giant eyeballs
  8 giant geckos
  An ooze (D:5)
  262 orcs
  19 bats
  2 bat zombies
  3 giant cockroaches
  23 goblins
  17 hobgoblins
  35 jackals
  59 kobolds
  12 quokkas
  2 ball pythons
  6 giant newts
  2 giant spores
  A goblin zombie (D:5)
  2 illusory rakshasas (D:20)
  2 orc skeletons (D:4)
  An orc zombie (D:9)
  A quokka zombie (D:8)
  24 rats
  2 ballistomycetes
  A bush (Forest:4)
  A butterfly (Forest:5)
  52 plants
  3 snaplasher vines (Forest:1)
3096 creatures vanquished.

Vanquished Creatures (others)
  An ugly thing (D:15)
  An ogre (D:15)
  A centaur (D:7)
  A kobold (D:2)
  3 fungi
  86 plants
  A snaplasher vine segment (Forest:1)
94 creatures vanquished.

Grand Total: 3190 creatures vanquished

Notes
Turn   | Place    | Note
--------------------------------------------------------------
     0 | D:1      | Kellhus, the Deep Elf Wizard, began the quest for the Orb.
     0 | D:1      | Reached XP level 1. HP: 8/8 MP: 7/7
   246 | D:1      | Reached XP level 2. HP: 6/13 MP: 0/10
   827 | D:1      | Reached XP level 3. HP: 17/17 MP: 6/13
  1336 | D:2      | Found a shimmering altar of Xom.
  1728 | D:3      | Reached XP level 4. HP: 22/22 MP: 11/16
  2003 | D:3      | Found a blossoming altar of Fedhas.
  2085 | D:3      | Reached skill level 5 in Conjurations
  2272 | D:3      | Reached XP level 5. HP: 16/26 MP: 12/18
  2406 | D:3      | Noticed an oklob plant
  3118 | D:4      | Reached skill level 6 in Conjurations
  3271 | D:4      | Noticed Duvessa
  3563 | D:4      | Reached XP level 6. HP: 20/31 MP: 10/20
  3731 | D:4      | Found a radiant altar of Vehumet.
  3845 | D:4      | Reached skill level 7 in Conjurations
  3849 | D:4      | Noticed an ogre
  3886 | D:4      | Killed an ogre
  3974 | D:4      | Learned a level 2 spell: Blink
  4101 | D:4      | Became a worshipper of Vehumet
  4593 | D:4      | Learned a level 3 spell: Mephitic Cloud
  4597 | D:4      | Learned a level 3 spell: Conjure Flame
  4598 | D:4      | Noticed Dowan
  4606 | D:4      | Killed Dowan
  4606 | D:4      | Reached skill level 5 in Spellcasting
  4637 | D:4      | Killed Duvessa
  4637 | D:4      | Reached XP level 7. HP: 35/35 MP: 0/23
  4678 | D:5      | Entered Level 5 of the Dungeon
  4678 | D:5      | Found Yfyaclyt's Magic Scroll Emporium.
  5095 | D:5      | Found Qijavela's Assorted Antiques.
  5205 | D:4      | Reached skill level 8 in Conjurations
  5327 | D:5      | Acquired Vehumet's first power
  5327 | D:5      | Offered knowledge of Sandblast by Vehumet.
  5726 | D:5      | Found Pupakk's Assorted Antiques.
  5730 | D:5      | Found Hiyfite's Book Boutique.
  6048 | D:5      | Noticed Sigmund
  6059 | D:5      | Killed Sigmund
  6256 | D:6      | Learned a level 2 spell: Repel Missiles
  6372 | D:6      | Reached skill level 9 in Conjurations
  6421 | D:6      | Reached XP level 8. HP: 40/40 MP: 15/26
  6821 | D:6      | Offered knowledge of Throw Frost by Vehumet.
  7033 | D:5      | Learned a level 2 spell: Throw Frost
  7375 | D:6      | Paralysed by a giant eyeball for 3 turns
  7730 | D:6      | Reached skill level 5 in Ice Magic
  8145 | D:6      | Found a staircase to the Ecumenical Temple.
  8462 | D:7      | Reached XP level 9. HP: 44/44 MP: 22/27
  8518 | D:7      | Found an iron altar of Okawaru.
  8557 | D:7      | Found a burning altar of Makhleb.
  8558 | D:7      | Found a shattered altar of Ashenzari.
  8560 | D:7      | Found a snail-covered altar of Cheibriados.
  8561 | D:7      | Found a glowing silver altar of Zin.
  8562 | D:7      | Found a bloodstained altar of Trog.
  8721 | D:7      | Offered knowledge of Searing Ray by Vehumet.
  9057 | D:7      | Acquired Vehumet's second power
  9699 | D:8      | Reached skill level 10 in Ice Magic
  9919 | D:8      | Offered knowledge of Stone Arrow by Vehumet.
  9928 | D:8      | Reached skill level 10 in Conjurations
 10752 | D:8      | Reached XP level 10. HP: 48/48 MP: 14/30
 10926 | D:8      | Reached skill level 10 in Spellcasting
 11056 | D:8      | Acquired Vehumet's third power
 11367 | D:9      | Offered knowledge of Static Discharge by Vehumet.
 11666 | D:9      | Found Byapp's General Store.
 11736 | D:9      | Reached skill level 11 in Spellcasting
 12469 | D:9      | Found Faotylo's Antique Weapon Shoppe.
 12598 | D:9      | Found Bozaps' Armour Emporium.
 12623 | D:9      | Found a white marble altar of Elyvilon.
 12774 | D:9      | Found Fruenil's Jewellery Shoppe.
 13135 | D:9      | Bought a +0 robe of resistance for 80 gold pieces
 13592 | D:10     | Entered Level 10 of the Dungeon
 14400 | D:11     | Noticed a hill giant
 14593 | D:11     | Reached XP level 11. HP: 52/52 MP: 23/32
 14653 | D:11     | Noticed a hill giant
 15201 | D:11     | Noticed bronies4ever's ghost (powerful OgBe)
 15421 | D:11     | Found a staircase to the Lair.
 15422 | D:11     | Noticed a hill giant
 15434 | D:11     | Offered knowledge of Venom Bolt by Vehumet.
 15509 | D:11     | Learned a level 5 spell: Venom Bolt
 15515 | D:11     | Reached skill level 12 in Conjurations
 15575 | D:11     | Killed a hill giant
 15860 | D:11     | Noticed a cyclops
 15868 | D:11     | Killed a cyclops
 16370 | D:11     | Killed a hill giant
 16443 | Lair:1   | Entered Level 1 of the Lair of Beasts
 16716 | Lair:1   | Reached skill level 5 in Poison Magic
 17413 | Lair:1   | Learned a level 3 spell: Regeneration
 17550 | Lair:1   | Reached skill level 1 in Charms
 18092 | Lair:1   | Reached skill level 5 in Charms
 19696 | D:5      | Bought a book of Frost for 490 gold pieces
 19701 | D:5      | Learned a level 3 spell: Ozocubu's Armour
 19707 | D:5      | Learned a level 4 spell: Throw Icicle
 20006 | Lair:2   | Offered knowledge of Lightning Bolt by Vehumet.
 20008 | Lair:2   | Reached skill level 13 in Conjurations
 20189 | Lair:2   | Reached XP level 12. HP: 57/57 MP: 24/33
 21066 | Lair:3   | Found a labyrinth entrance.
 21082 | Lab      | Entered a labyrinth
 21241 | Lab      | Noticed a minotaur
 21244 | Lab      | Killed a minotaur
 21265 | Lab      | Identified the Catalogue of Air and Self-Knowledge (You found it in a labyrinth)
 21270 | Lab      | Learned a level 3 spell: Flight
 21280 | Lab      | Got a pitted quarterstaff
 21280 | Lab      | Got a smoking dagger
 21723 | Lair:3   | Noticed a seven-headed hydra
 21727 | Lair:3   | Killed a seven-headed hydra
 22060 | Lair:3   | Reached skill level 14 in Conjurations
 22286 | Lair:3   | Found a staircase to the Swamp.
 23638 | Lair:4   | Offered knowledge of Bolt of Draining by Vehumet.
 24061 | Lair:4   | Noticed a six-headed hydra
 24066 | Lair:4   | Killed a six-headed hydra
 24537 | Lair:4   | Reached skill level 15 in Conjurations
 24842 | Lair:5   | Reached XP level 13. HP: 61/61 MP: 21/34
 25487 | Lair:5   | Identified a scroll of acquirement
 25564 | Lair:6   | Learned a level 1 spell: Apportation
 26015 | Lair:6   | Found a staircase to the Snake Pit.
 26097 | Lair:6   | Reached skill level 15 in Ice Magic
 26733 | Lair:7   | Offered knowledge of Iron Shot by Vehumet.
 26841 | Lair:7   | Learned a level 6 spell: Iron Shot
 27817 | Lair:8   | Entered Level 8 of the Lair of Beasts
 29155 | Lair:8   | Found a staircase to the Slime Pits.
 29735 | Lair:8   | Reached skill level 10 in Charms
 30096 | Lair:2   | Learned a level 6 spell: Haste
 30288 | D:10     | Offered knowledge of Bolt of Cold by Vehumet.
 30429 | D:10     | Killed an unseen horror
 30429 | D:10     | Reached XP level 14. HP: 66/66 MP: 26/37
 30947 | D:11     | Learned a level 6 spell: Bolt of Cold
 31020 | D:11     | Found a staircase to the Orcish Mines.
 31033 | Orc:1    | Entered Level 1 of the Orcish Mines
 31225 | Orc:1    | Found a burning altar of Makhleb.
 31676 | Orc:2    | Found a roughly hewn altar of Beogh.
 32326 | Orc:1    | Offered knowledge of Freezing Cloud by Vehumet.
 32734 | Orc:3    | Found a staircase to the Elven Halls.
 33020 | Orc:3    | Reached skill level 15 in Spellcasting
 33030 | Orc:3    | Learned a level 6 spell: Freezing Cloud
 34090 | Orc:4    | Entered Level 4 of the Orcish Mines
 34431 | Orc:4    | Reached skill level 1 in Fighting
 35295 | Orc:4    | Offered knowledge of Conjure Ball Lightning by Vehumet.
 36578 | Orc:4    | Reached skill level 5 in Dodging
 37038 | Orc:4    | Offered knowledge of Lehudib's Crystal Spear by Vehumet.
 37038 | Orc:4    | Offered knowledge of Ice Storm by Vehumet.
 37038 | Orc:4    | Offered knowledge of Chain Lightning by Vehumet.
 37217 | Orc:4    | Noticed Sonja
 37220 | Orc:4    | Killed Sonja
 38037 | Orc:4    | Found Gaovid's Antique Armour Emporium.
 38037 | Orc:4    | Found Psutt's Antique Armour Shoppe.
 38037 | Orc:4    | Found Sosoczenee's Book Shoppe.
 38038 | Orc:4    | Found Thacw's General Store.
 38156 | Orc:4    | Bought a glowing cloak for 28 gold pieces
 38163 | Orc:4    | Bought an ancient robe for 171 gold pieces
 38170 | Orc:4    | Identified the cursed -5 robe of Misfortune {-Cast Contam *Tele EV-4 Str-2 Dex-2 Int-2 Stlth-- Curse} (You bought it in a shop on level 4 of the Orcish Mines)
 38174 | Orc:4    | Bought a scroll of vulnerability for 97 gold pieces
 39914 | D:9      | Bought the ring of Serendipity {rF+ SInv} for 507 gold pieces
 41566 | D:14     | Entered Level 14 of the Dungeon
 43687 | D:15     | Entered Level 15 of the Dungeon
 43743 | D:15     | Noticed Nikola
 44069 | D:15     | Killed Nikola
 44069 | D:15     | Reached skill level 16 in Conjurations
 44069 | D:15     | Reached XP level 15. HP: 60/76 MP: 1/38
 44270 | D:15     | Noticed Louise
 44716 | D:15     | Killed Louise
 45056 | D:15     | Noticed Maud
 45060 | D:15     | Killed Maud
 48805 | D:16     | Reached skill level 17 in Ice Magic
 49978 | D:17     | Found a staircase to the Vaults.
 50899 | D:18     | Noticed Azrael
 51086 | D:18     | Killed Azrael
 51088 | D:18     | Noticed Jorgrun
 51807 | D:18     | Reached XP level 16. HP: 81/81 MP: 35/39
 52441 | D:18     | Killed Jorgrun
 52441 | D:18     | Reached skill level 18 in Conjurations
 52687 | D:18     | Found Woobipib's Gadget Shop.
 52699 | D:18     | Noticed Roxanne
 52983 | D:18     | Noticed Aizul
 52995 | D:18     | Killed Aizul
 53405 | D:19     | Got a creamy pearl robe
 53412 | D:19     | Identified the +2 robe of Death's Door {rF+ Int+2} (You found it on level 19 of the Dungeon)
 53679 | D:19     | Paralysed by a great orb of eyes for 3 turns
 53991 | D:19     | Found Cheamaf's Distillery.
 54306 | D:19     | Noticed Mara
 54308 | D:19     | Noticed Kellhus' illusion
 54514 | D:19     | Killed Mara
 54891 | D:19     | Bought a potion of heal wounds for 51 gold pieces
 54961 | D:20     | Entered Level 20 of the Dungeon
 55085 | D:20     | Found a sparkling altar of Nemelex Xobeh.
 55488 | D:20     | Reached skill level 19 in Ice Magic
 56430 | D:19     | Upgraded the game from 0.13-a0-2960-g2f00e6d to 0.13-a0-2979-gb6a86b3
 56483 | Vaults:1 | Entered Level 1 of the Vaults
 57497 | Vaults:1 | Found a glowing silver altar of Zin.
 57659 | Vaults:1 | Noticed Norris
 58184 | Vaults:1 | Reached XP level 17. HP: 79/85 MP: 5/40
 58783 | Vaults:1 | Killed Norris
 61163 | Vaults:1 | Reached skill level 20 in Ice Magic
 62154 | Vaults:2 | Found Khitaa Trae's Assorted Antiques.
 62356 | Vaults:2 | Got a steaming shield
 62363 | Vaults:2 | Identified the +0 shield "Okeishriux" {rF+} (You found it on level 2 of the Vaults)
 62765 | Vaults:2 | Gained mutation: You are resistant to hostile enchantments. [potion of beneficial mutation]
 66441 | Vaults:2 | Reached XP level 18. HP: 91/91 MP: 31/41
 66535 | Vaults:3 | Found a staircase to the Enchanted Forest.
 66636 | Vaults:3 | Reached skill level 21 in Ice Magic
 68960 | Vaults:3 | Found Shrieliku's Book Shop.
 70205 | Vaults:3 | Found a staircase to the Hall of Blades.
 72310 | Vaults:4 | Found Doruedul's Jewellery Shop.
 72822 | Vaults:4 | Reached skill level 22 in Ice Magic
 73064 | Vaults:4 | Noticed Saint Roka
 73084 | Vaults:4 | Killed Saint Roka
 73730 | Vaults:4 | Reached XP level 19. HP: 77/95 MP: 22/41
 77515 | Forest:1 | Entered Level 1 of the Enchanted Forest
 77605 | Forest:1 | Reached skill level 23 in Ice Magic
 79031 | D:21     | Found a gateway to Hell.
 79038 | D:21     | Noticed Xtahua
 79051 | D:21     | Killed Xtahua
 79792 | D:21     | Found a portal to a secret trove of treasure.
 81599 | D:22     | Reached XP level 20. HP: 100/100 MP: 32/43
 81646 | D:22     | Learned a level 9 spell: Ice Storm
 82058 | Elf:1    | Entered Level 1 of the Elven Halls
 84217 | Elf:2    | Noticed 4tharraofdagon's ghost (powerful DsBe)
 84219 | Elf:2    | Killed 4tharraofdagon's ghost
 85320 | Elf:2    | Got a bloodstained robe
 85345 | Elf:2    | Identified the cursed +2 robe "Plar" {Str+3 Dex+2} (You took it off a deep elf priest on level 2 of the Elven Halls)
 85412 | Elf:2    | Noticed Wiglaf
 85415 | Elf:2    | Killed Wiglaf
 85707 | Elf:3    | Entered Level 3 of the Elven Halls
 85711 | Elf:3    | Found Disetec's Assorted Antiques.
 88730 | Elf:3    | Got a warped robe
 88737 | Elf:3    | Identified the cursed +0 robe of the Eternal Fruit {rF+ Dam-2 Curse} (You found it on level 3 of the Elven Halls)
 88756 | Elf:3    | Identified a +1 pair of boots of running (You found it on level 3 of the Elven Halls)
 89188 | D:5      | Bought a papyrus book for 345 gold pieces
 90287 | Forest:1 | Reached XP level 21. HP: 104/104 MP: 40/46
 91994 | Forest:2 | Reached skill level 24 in Conjurations
 92039 | Forest:2 | Noticed Mennas
 92042 | Forest:2 | Killed Mennas
 92244 | Forest:2 | Gained mutation: You are surrounded by a mild repulsion field (EV +2). [potion of beneficial mutation]
 93062 | Forest:2 | Found a staircase to the Tomb.
 93568 | Forest:2 | Got a fine leather armour
 93576 | Forest:2 | Identified the cursed -1 leather armour of Honour {rElec rPois rN+} (You found it on level 2 of the Enchanted Forest)
 93842 | Forest:2 | Noticed Sojobo
 93843 | Forest:2 | Killed Sojobo
 94397 | Forest:3 | Reached skill level 25 in Conjurations
 95009 | Forest:3 | Noticed Jory
 95011 | Forest:3 | Killed Jory
 95257 | Forest:3 | Reached skill level 5 in Fighting
 96981 | Forest:4 | Reached XP level 22. HP: 113/115 MP: 27/46
 97137 | Forest:4 | Reached skill level 10 in Dodging
 97969 | Forest:5 | Entered Level 5 of the Enchanted Forest
 98330 | Forest:5 | Found a deep blue altar of Sif Muna.
 99197 | Forest:5 | Noticed the Enchantress
 99197 | Forest:5 | Killed the Enchantress
 99413 | Forest:5 | Reached skill level 1 in Shields
 99573 | Forest:5 | Got a faerie dragon armour
 99584 | Forest:5 | Identified the +3 faerie dragon armour {+Blink rPois} (You took it off the Enchantress on level 5 of the Enchanted Forest)
103441 | D:23     | Found a one-way gate to the infinite horrors of the Abyss.
104131 | D:24     | Reached XP level 23. HP: 103/125 MP: 37/47
104249 | D:24     | Found a one-way gate leading to the halls of Pandemonium.
104924 | D:25     | Entered Level 25 of the Dungeon
105551 | D:25     | Got a shimmering copper amulet
105553 | D:25     | Identified the amulet of the Many Ships {Gourm Contam Dam-5} (You took it off an ogre mage on level 25 of the Dungeon)
106055 | D:25     | Noticed bronies4ever's ghost (mighty GrMo)
106059 | D:25     | Killed bronies4ever's ghost
107292 | D:26     | Found Omapp's Assorted Antiques.
107299 | D:26     | Omapp's Assorted Antiques was a mimic.
108094 | D:27     | Entered Level 27 of the Dungeon
110385 | D:26     | Reached XP level 24. HP: 131/131 MP: 11/49
111654 | Snake:1  | Entered Level 1 of the Snake Pit
112063 | Snake:1  | Found Bohekhli's Antique Weapon Shop.
113224 | Snake:3  | Found a glowing golden altar of the Shining One.
113991 | Snake:3  | Noticed Donald
113992 | Snake:3  | Killed Donald
114143 | Snake:3  | Found Grorch Klogh's General Store.
114546 | Snake:4  | Noticed Frances
114549 | Snake:4  | Killed Frances
114764 | Snake:5  | Entered Level 5 of the Snake Pit
115414 | Snake:5  | Got a serpentine rune of Zot
115881 | D:9      | Bought a potion of heal wounds for 33 gold pieces
115881 | D:9      | Bought a potion of heal wounds for 33 gold pieces
117426 | Swamp:1  | Entered Level 1 of the Swamp
117824 | Swamp:1  | Reached skill level 26 in Spellcasting
118648 | Trove    | Entered a treasure trove
118660 | Trove    | Got a slimy lead amulet
118686 | Trove    | Got a brightly glowing chain mail
118718 | D:21     | Identified the cursed -1 chain mail "Zokomuof" {rElec Str+3} (You found it in a treasure trove)
118737 | D:21     | Identified the amulet of Emipes {Spirit Dex+5 Int+3} (You found it in a treasure trove)
118759 | D:21     | Upgraded the game from 0.13-a0-2979-gb6a86b3 to 0.13-a0-3008-g2a6619c
119130 | Orc:4    | Bought a book of Ice for 650 gold pieces
119138 | Orc:4    | Learned a level 6 spell: Ozocubu's Refrigeration
119529 | Vaults:5 | Entered Level 5 of the Vaults
119820 | Vaults:5 | Noticed Nagual's ghost (great GrFi)
119964 | Vaults:5 | Killed Nagual's ghost
119964 | Vaults:5 | Reached skill level 27 in Spellcasting
120959 | Vaults:5 | Reached XP level 25. HP: 118/136 MP: 29/50
121981 | Vaults:5 | Gained mutation: You are agile. (Dex +2) [potion of beneficial mutation]
122561 | Vaults:5 | Got a transparent bardiche
122562 | Vaults:5 | Identified the cursed +10,+3 bardiche "Klunluac" {freeze, +Rage rElec} (You took it off a yaktaur captain on level 5 of the Vaults)
123164 | Vaults:5 | Reached skill level 1 in Evocations
124111 | Vaults:5 | Reached skill level 5 in Evocations
124282 | Vaults:5 | Upgraded the game from 0.13-a0-3008-g2a6619c to 0.14-a0-19-g3ffea20
124282 | Vaults:5 | Upgraded the game from 0.14-a0-19-g3ffea20 to 0.14-a0-102-g2341383
124282 | Vaults:5 | Quit the game

Action                   |  1- 3 |  4- 6 |  7- 9 | 10-12 | 13-15 | 16-18 | 19-21 | 22-24 | 25-27 || total
-------------------------+-------+-------+-------+-------+-------+-------+-------+-------+-------++-------
Melee: Staff             |       |       |       |     1 |     2 |       |     7 |     7 |       ||    17
 Cast: Magic Dart        |    90 |   164 |   288 |   136 |       |       |       |       |       ||   678
       Blink             |       |    17 |     2 |    19 |     4 |     6 |     2 |     1 |       ||    51
       Mephitic Cloud    |       |     2 |    19 |    19 |       |       |       |       |       ||    40
       Conjure Flame     |       |       |     8 |    23 |       |       |       |       |       ||    31
       Throw Frost       |       |       |   190 |   476 |       |       |       |       |       ||   666
       Repel Missiles    |       |       |     5 |     9 |    33 |    46 |    23 |     7 |       ||   123
       Throw Icicle      |       |       |       |   196 |   876 |   419 |   274 |   414 |     3 ||  2182
       Venom Bolt        |       |       |       |    18 |    17 |       |       |       |       ||    35
       Ozocubu's Armour  |       |       |       |     2 |    24 |    37 |     5 |     5 |       ||    73
       Freezing Cloud    |       |       |       |       |    83 |   162 |   123 |    15 |       ||   383
       Bolt of Cold      |       |       |       |       |    64 |   195 |    70 |    90 |    23 ||   442
       Regeneration      |       |       |       |       |    12 |    11 |     3 |     2 |       ||    28
       Haste             |       |       |       |       |    12 |    18 |    10 |     5 |       ||    45
       Iron Shot         |       |       |       |       |    10 |    71 |    31 |    56 |    16 ||   184
       Flight            |       |       |       |       |       |       |     1 |       |       ||     1
       Ice Storm         |       |       |       |       |       |       |   153 |   267 |    66 ||   486
       Ozocubu's Refrige |       |       |       |       |       |       |       |     4 |       ||     4
Evoke: Wand              |       |       |     4 |     3 |     6 |       |       |       |       ||    13
  Use: Scroll            |       |    11 |    10 |    17 |    21 |    13 |    10 |     5 |     2 ||    89
       Potion            |       |       |     1 |     1 |     1 |     7 |     3 |     1 |     1 ||    15
